 Dungeon Crawl Stone Soup version 0.25.1-2-g60ff931df9 (webtiles) character file.

Game seed: 17922764366647230349

793862 DearestLeader the Executioner (level 27, -2/240 HPs)
             Began as a Demonspawn Gladiator on Oct 5, 2020.
             Was the Champion of Qazlal.
             Killed from afar by Antaeus (36 damage)
             ... with a flash freeze
             ... on level 7 of Cocytus on Oct 6, 2020.
             The game lasted 04:08:17 (65946 turns).

DearestLeader the Executioner (DsGl)               Turns: 65946, Time: 04:08:18

Health: -2/240     AC: 37    Str: 20    XL:     27
Magic:  0/32       EV: 31    Int:  5    God:    Qazlal [******]
Gold:   7451       SH:  8    Dex: 29    Spells: 26/26 levels left

rFire    + + .     SeeInvis +   i - +10 battleaxe of the Bespelling Fool {vorpal, *Noise rC++}
rCold    + + +     Gourm    .   (shield currently unavailable)
rNeg     + + +     Faith    .   z - +7 chain mail of Sophism {rElec rN++ Regen+ Dex-4}
rPois    +         Spirit   +   (helmet unavailable)
rElec    +         Reflect  .   G - +1 cloak of Starlight {rElec rC+ EV+4 Stlth--}
rCorr    .         Harm     .   Y - +2 pair of gloves {Dex+3}
MR       +++..                  S - +1 pair of boots of Wu Jian's Delight {+Blink Int-5 SInv}
Stlth    ..........             L - amulet "Ehatinu" {Spirit +Blink rC+ Dex+3}
HPRegen  0.90/turn              V - ring "Nureng" {rPois rF+ rN+ Dex+3}
MPRegen  0.23/turn              H - ring of Oenomania {MR+ Dex+6 Slay+3}

@: mighty, protected from cold, very slightly contaminated, hasted, invisible,
repel missiles, very quick
A: horns 3, thin metallic scales 3, blurry vision 1, fire resistance 1, ignite
blood, low mp 1, powered by death 3, weak 2, augmentation 3, no potion heal 1,
flame cloud immunity
}: 5/15 runes: barnacled, slimy, silver, abyssal, gossamer
a: Upheaval, Elemental Force, Disaster Area, Renounce Religion, Evoke Blink


You were on level 7 of Cocytus.
You worshipped Qazlal.
Qazlal was exalted by your worship.
You were not hungry.

You visited 14 branches of the dungeon, and saw 68 of its levels.
You visited the Abyss 2 times.
You visited 1 bazaar.

You collected 9394 gold pieces.
You spent 1943 gold pieces at shops.

Inventory:

Hand Weapons
 h - the +10 morningstar "Ywkion Oliba" {vorpal, MR+ Stlth+}
   (You bought it in a shop on level 2 of the Orcish Mines)

   It inflicts extra damage upon your enemies.
   It affects your resistance to hostile enchantments.
   It makes you more stealthy.
 i - the +10 battleaxe of the Bespelling Fool (weapon) {vorpal, *Noise rC++}
   (You took it off a vampire knight on level 14 of the Dungeon)

   It inflicts extra damage upon your enemies.
   It greatly protects you from cold.
   It may make noises in combat.
Missiles
 d - 16 throwing nets (quivered)
Armour
 z - the +7 chain mail of Sophism (worn) {rElec rN++ Regen+ Dex-4}
   (You found it on level 6 of the Dungeon)

   It affects your dexterity (-4).
   It insulates you from electricity.
   It greatly protects you from negative energy.
   It increases your rate of regeneration.
 G - the +1 cloak of Starlight (worn) {rElec rC+ EV+4 Stlth--}
   (You found it on level 5 of the Pits of Slime)

   It affects your evasion (+4).
   It protects you from cold.
   It insulates you from electricity.
   It makes you much less stealthy.
 P - +6 gold dragon scales
 S - the +1 pair of boots of Wu Jian's Delight (worn) {+Blink Int-5 SInv}
   (You found it on level 3 of the Crypt)

   It affects your intelligence (-5).
   It lets you see invisible.
   It lets you blink.
 Y - a +2 pair of gloves of dexterity (worn)
Jewellery
 c - an uncursed ring of protection from cold
 e - an uncursed amulet of reflection
 l - an uncursed ring of protection from fire
 o - an uncursed amulet of guardian spirit
 q - an uncursed ring of resist corrosion
 H - the ring of Oenomania (right hand) {MR+ Dex+6 Slay+3}
   (You acquired it on level 15 of the Dungeon)

   [ring of dexterity]

   It affects your dexterity (+6).
   It affects your accuracy and damage with ranged weapons and melee attacks
   (+3).
   It affects your resistance to hostile enchantments.
 L - the amulet "Ehatinu" (around neck) {Spirit +Blink rC+ Dex+3}
   (You acquired it on level 2 of the Orcish Mines)

   [amulet of guardian spirit]

   It causes incoming damage to be split between your health and magic.
   It affects your dexterity (+3).
   It protects you from cold.
   It lets you blink.
 Q - an uncursed ring of protection from magic
 R - an uncursed ring of protection from magic
 V - the ring "Nureng" (left hand) {rPois rF+ rN+ Dex+3}
   (You took it off a yaktaur captain on level 5 of the Vaults)

   [ring of poison resistance]

   It affects your dexterity (+3).
   It protects you from fire.
   It protects you from poison.
   It protects you from negative energy.
Wands
 t - a wand of random effects (25)
 v - a wand of acid (40)
 E - a wand of clouds (16)
 I - a wand of disintegration (43)
 M - a wand of iceblast (31)
 T - a wand of digging (18)
 Z - a wand of flame (61)
Scrolls
 j - 19 scrolls of remove curse
 k - a scroll of identify
 m - 7 scrolls of enchant armour
 s - 10 scrolls of amnesia
 u - 5 scrolls of blinking
 w - 7 scrolls of magic mapping
 x - a scroll of fog
 y - 8 scrolls of fear
 B - 11 scrolls of enchant weapon
 X - 10 scrolls of teleportation
Potions
 b - 7 potions of flight
 g - 16 potions of curing
 n - 5 potions of haste
 p - a potion of invisibility
 r - 3 potions of cancellation
 C - 4 potions of brilliance
 D - 5 potions of mutation
 J - 2 potions of berserk rage
 K - 9 potions of might
 N - 2 potions of resistance
 O - 10 potions of ambrosia
 U - 12 potions of stabbing
Miscellaneous
 W - 8 phantom mirrors
Comestibles
 f - 59 rations
 F - 2 chunks of flesh


   Skills:
 + Level 24.5 Fighting
 * Level 25.7(25.8) Axes
 - Level 5.4(18.3) Maces & Flails
   Level 2.6(17.9) Polearms
 - Level 1.7 Throwing
 + Level 23.1 Armour
 + Level 21.0 Dodging
 - Level 18.0 Invocations
 - Level 10.2 Evocations


You had 26 spell levels left.
You didn't know any spells.
Your spell library contained the following spells:

 Spells                   Type           Power        Failure   Level  Hunger
 Animate Skeleton         Necr           N/A          88%         1    ##.....
 Beastly Appendage        Tmut           #.....       88%         1    ##.....
 Freeze                   Ice            #...         88%         1    ##.....
 Infusion                 Chrm           #...         88%         1    ##.....
 Magic Dart               Conj           #...         88%         1    ##.....
 Pain                     Necr           #...         88%         1    ##.....
 Shock                    Conj/Air       #...         88%         1    ##.....
 Sting                    Tmut/Pois      #...         88%         1    ##.....
 Blink                    Tloc           N/A          95%         2    ###....
 Call Imp                 Summ           #.......     95%         2    ###....
 Corpse Rot               Necr/Air       N/A          95%         2    ###....
 Ensorcelled Hibernation  Hex/Ice        #.....       95%         2    ###....
 Poisonous Vapours        Pois/Air       #.....       95%         2    ###....
 Searing Ray              Conj           #.....       95%         2    ###....
 Shroud of Golubria       Chrm/Tloc      #.....       95%         2    ###....
 Slow                     Hex            #.......     95%         2    ###....
 Song of Slaying          Chrm           #.......     95%         2    ###....
 Sticks to Snakes         Tmut           #.......     95%         2    ###....
 Sublimation of Blood     Necr           #.........   95%         2    ###....
 Swiftness                Chrm/Air       #.......     95%         2    ###....
 Confusing Touch          Hex            #.......     99%         3    ####...
 Conjure Flame            Conj/Fire      #.......     99%         3    ####...
 Dazzling Flash           Conj/Hex       #.....       99%         3    ####...
 Frozen Ramparts          Ice            #.....       99%         3    ####...
 Gell's Gravitas          Tloc           #.........   99%         3    ####...
 Ignite Poison            Fire/Tmut/Pois #.......     99%         3    ####...
 Mephitic Cloud           Conj/Pois/Air  #.......     99%         3    ####...
 Ozocubu's Armour         Chrm/Ice       #.......     99%         3    ####...
 Recall                   Summ/Tloc      N/A          99%         3    ####...
 Spider Form              Tmut/Pois      #.........   99%         3    ####...
 Static Discharge         Conj/Air       #.......     99%         3    ####...
 Summon Guardian Golem    Hex/Summ       #.......     99%         3    ####...
 Vampiric Draining        Necr           #.........   99%         3    ####...
 Airstrike                Air            #.........   100%        4    #####..
 Animate Dead             Necr           N/A          100%        4    #####..
 Cause Fear               Hex            #.........   100%        4    #####..
 Dispel Undead            Necr           #.......     100%        4    #####..
 Fulminant Prism          Conj/Hex       #.........   100%        4    #####..
 Hailstorm                Conj/Ice       #.......     100%        4    #####..
 Ice Form                 Ice/Tmut       #.......     100%        4    #####..
 Iskenderun's Mystic Bla  Conj/Tloc      #.......     100%        4    #####..
 Leda's Liquefaction      Hex/Erth       #.........   100%        4    #####..
 Olgreb's Toxic Radiance  Pois           #.......     100%        4    #####..
 Petrify                  Tmut/Erth      #.......     100%        4    #####..
 Summon Ice Beast         Ice/Summ       #.......     100%        4    #####..
 Summon Lightning Spire   Summ/Air       #.......     100%        4    #####..
 Agony                    Necr           #.......     100%        5    ######.
 Aura of Abjuration       Summ           #.........   100%        5    ######.
 Blade Hands              Tmut           #.........   100%        5    ######.
 Borgnjor's Vile Clutch   Necr/Erth      #.........   100%        5    ######.
 Excruciating Wounds      Chrm/Necr      #.........   100%        5    ######.
 Fireball                 Conj/Fire      #.........   100%        5    ######.
 Iskenderun's Battlesphe  Conj/Chrm      #.......     100%        5    ######.
 Lightning Bolt           Conj/Air       #.........   100%        5    ######.
 Metabolic Englaciation   Hex/Ice        #.........   100%        5    ######.
 Silence                  Hex/Air        #.........   100%        5    ######.
 Summon Demon             Summ           #.........   100%        5    ######.
 Summon Forest            Summ/Tloc      #.........   100%        5    ######.
 Summon Mana Viper        Hex/Summ       #.......     100%        5    ######.
 Yara's Violent Unravell  Hex/Tmut       #.........   100%        5    ######.
 Darkness                 Hex            #.........   100%        6    #######
 Death Channel            Necr           #.........   100%        6    #######
 Freezing Cloud           Conj/Ice/Air   #.........   100%        6    #######
 Ozocubu's Refrigeration  Ice            #.........   100%        6    #######
 Shadow Creatures         Summ           N/A          100%        6    #######
 Simulacrum               Ice/Necr       #.........   100%        6    #######
 Starburst                Conj/Fire      #.........   100%        6    #######
 Malign Gateway           Summ/Tloc      #.........   100%        7    #######
 Monstrous Menagerie      Summ           #.........   100%        7    #######
 Ring of Flames           Chrm/Fire      #.........   100%        7    #######
 Summon Greater Demon     Summ           #.........   100%        7    #######
 Summon Hydra             Summ           #.........   100%        7    #######
 Discord                  Hex            #.........   100%        8    #######
 Ignition                 Fire           #.........   100%        8    #######
 Summon Horrible Things   Summ           #.........   100%        8    #######
 Shatter                  Erth           #.........   100%        9    #######
 Tornado                  Air            #.........   100%        9    #######


Dungeon Overview and Level Annotations

Branches:
Dungeon (15/15)            Temple (1/1) D:4            Lair (6/6) D:11
 Shoals (4/4) Lair:3       Spider (4/4) Lair:2        Slime (5/5) Lair:6
    Orc (2/2) D:10            Elf (3/3) Orc:2        Vaults (5/5) D:13
  Crypt (3/3) Vaults:2       Tomb (0/3) Crypt:3      Depths (5/5) D:15
   Hell (visited)             Dis (7/7) Hell            Geh (0/7) Hell
    Coc (7/7) Hell            Tar (0/7) Hell            Zot (0/5) Depths:5

Altars:
Ashenzari
Cheibriados
Dithmenos
Fedhas
Gozag
Hepliaklqana
Kikubaaqudgha
Makhleb
Nemelex Xobeh
Qazlal
Ru
Sif Muna
Trog
Uskayaw
Vehumet
Wu Jian
Xom
Yredelemnul
The Shining One
Beogh
Jiyva
Lugonu

Shops:
D:4 [   D:10 =   Orc:2 !?[:(   Elf:1 (   Elf:3 [   Shoals:3 (   Depths:1 :

Portals:
Hell: Lair:6 Depths:1 Depths:2 Depths:3 Depths:4 Depths:5
Abyss: Spider:4 Depths:2 Depths:4
Pandemonium: Depths:1 Depths:2 Depths:3 Depths:4
Ziggurat: Depths:5
Trove: Depths:4 (show abyssal rune of Zot)

Annotations:
Spider:4 2 transporters, Nowod's ghost, adept MiFi
Vaults:2 3 runed translucent doors, Marixus's ghost, adept HOFi
Vaults:4 3 runed translucent doors, nano's ghost, adept SpVM
Dis:7 Dispater; Serpent of
Hell
Coc:7 Antaeus


Innate Abilities, Weirdness & Mutations

You have a pair of large horns on your head.
You are completely covered in thin metallic scales. (AC +4, rElec)
Your flesh is heat resistant. (rF+)
Your demonic aura causes spilled blood to erupt in flames.
You regenerate a lot of health from kills.
Your magical and physical power is greatly enhanced at high health.
You are immune to clouds of flame.
Scrolls take you a little longer to read.
Your magical capacity is low. (-10% MP)
You are very weak. (Str -4)
Potions are less effective at restoring your health.


Message History

You hear a sizzling sound!
Something frightening happens.
Distant voices call out in your mind.
Antaeus shouts, "Thy neck shall be my snack!"
You slice Antaeus!!
Antaeus is almost dead.
Antaeus hits you!!
* * * LOW HITPOINT WARNING * * *
Antaeus freezes you! You resist.
You feel more protected from cold.
* * * LOW HITPOINT WARNING * * *
Antaeus misses you.
Your system partially rejects the healing.
You feel better.
You see a puff of smoke.
Clouds arounds you coalesce and take form!
The nameless horror closely misses your fire elemental.
Antaeus gestures at you. The flash freeze hits you!!! You partially resist.
You die...

##.≈≈≈..#
#≈≈≈≈≈....##.≈≈≈..#
#≈≈≈≈≈≈≈..##.≈≈≈..#
##≈≈≈≈≈≈≈..#..≈≈≈..#
.'≈≈≈≈≈≈§≈.#.≈≈≈≈..#
.'§≈≈≈≈≈≈≈^#.≈≈≈≈..#
#≈≈≈≈≈≈☼EE#.≈≈≈≈..#
#≈≈≈≈≈≈≈..#..≈≈≈..#
#≈§≈≈≈C@E.##.≈≈≈..#
##≈≈≈≈°1EE.##.≈≈≈..#
≈#####≈≈≈≈≈≈§XE.##.≈≈≈..#
≈≈≈≈≈≈≈≈≈≈≈E≈..##..≈≈≈..#
≈≈≈≈≈≈≈≈≈.≈.≈≈##...≈≈...#
≈≈≈≈≈≈≈.%≈÷..##....≈≈...#
≈≈......≈≈≈.##....≈≈...##
.......⌠...##○...≈≈...##
................≈≈...##


You could see Antaeus, an Ice Fiend, a nameless horror (summoned), 2 friendly
earth elementals, 4 friendly fire elementals and a friendly air elemental
(summoned).

Vanquished Creatures
  the Royal Jelly (Slime:5)
  5 ancient liches
  A juggernaut (Depths:3)
  6 shard shrikes
  Margery (Crypt:3)
  Bai Suzhen (Elf:3)
  A curse toe (Crypt:3)
  Xtahua (Depths:5)
  Geryon (Hell)
  3 golden dragons
  Nikola (Shoals:2)
  4 bone dragons
  11 iron giants
  7 Brimstone Fiends
  9 Hell Sentinels
  10 liches
  13 Ice Fiends
  7 tentacled monstrosities
  3 deep elf blademasters
  2 titans
  19 acid blobs
  8 quicksilver dragons
  2 krakens
  2 deep elf master archers (Elf:3)
  18 ancient champions
  16 tentacled starspawn
  10 sphinxes
  Kirke (D:15)
  An Executioner (Dis:1)
  Agnes (D:15)
  9 shadow dragons
  A draconian monk (Abyss:5)
  7 storm dragons
  Ilsuiw (Shoals:2)
  3 revenants
  14 azure jellies
  Donald (Vaults:1)
  9 tengu reavers
  8 deep elf sorcerers
  8 iron dragons
  12 vault wardens
  7 fire giants
  A cacodemon (Abyss:5)
  A balrug (Depths:1)
  3 ghost moths (Spider:4)
  6 frost giants
  A draconian knight (Depths:5)
  3 draconian scorchers
  An angel (Abyss:3)
  Louise (Depths:2)
  6 ghouls
  5 emperor scorpions
  5 curse skulls
  13 deep elf elementalists
  22 war gargoyles
  2 spriggan defenders (Depths:3)
  13 ironheart preservers
  42 reapers
  4 elemental wellsprings
  13 vampire knights
  15 very ugly things
  An entropy weaver (Vaults:1)
  7 deep elf demonologists
  18 stone giants
  A green draconian (Depths:5)
  Azrael (D:14)
  Nessos (Lair:6)
  A yellow draconian (Depths:5)
  4 purple draconians
  The ghost of sfoobar the Fighter, a journeyman MiBe of Trog (Lair:3)
  7 deep elf annihilators
  A red draconian (Depths:5)
  2 lorocyprocas
  5 dire elephants
  12 spark wasps
  5 eidola
  A white draconian (Depths:5)
  5 deep elf death magi
  7 merfolk javelineers
  14 blizzard demons
  7 quicksilver dragon zombies
  9 death oozes
  2 kraken zombies (Coc:1)
  11 ettins
  A green death (Abyss:2)
  2 crystal guardians (Vaults:5)
  11 jiangshi
  7 merfolk impalers
  Josephine (D:15)
  4 deep elf high priests
  10 great orbs of eyes
  15 yaktaur captains
  11 fire dragons
  9 rakshasas
  2 quicksilver dragon skeletons
  25 vault guards
  Erolcha (Orc:2)
  8 hydras
  Harold (Lair:2)
  20 ice dragons
  2 spriggan air magi (Depths:3)
  12 centaur warriors
  4 death knights
  2 catoblepae
  41 large abominations
  3 merfolk avatars
  5 merfolk aquamancers
  An alligator (shapeshifter) (Depths:1)
  2 tengu warriors (Depths:2)
  16 deep troll earth magi
  2 alligator snapping turtles
  24 dancing weapons
  59 two-headed ogres
  4 hell hogs (Hell)
  7 deep troll shamans
  18 ogre magi
  8 thrashing horrors
  11 vampire magi
  4 titan zombies
  21 small abominations
  3 spriggan berserkers
  4 iron golems (Dis:7)
  10 storm dragon zombies
  9 soul eaters
  5 sun demons
  22 hell knights
  17 deep elf knights
  Nergalle (Lair:4)
  A fire crab (shapeshifter) (Vaults:2)
  111 skeletal warriors
  3 titan skeletons
  12 shadow wraiths
  3 spatial maelstroms
  11 iron trolls
  11 wretched stars
  2 storm dragon skeletons
  2 golden dragon zombies
  9 sea snakes
  A glowing orange brain (shapeshifter) (Vaults:5)
  A swamp dragon (shapeshifter) (Depths:3)
  2 ghost moth zombies
  11 flayed ghosts
  A deep troll (shapeshifter) (Vaults:5)
  33 deep trolls
  3 shadow demons
  16 anaconda zombies
  A golden dragon skeleton (Coc:7)
  8 glowing orange brains
  An obsidian statue (Shoals:4)
  9 deep elf archers
  25 phantasmal warriors
  15 harpies
  6 orc knights
  4 shadow dragon zombies
  14 ironbrand convokers
  10 necromancers
  3 wizards
  A harpy (shapeshifter) (Depths:1)
  A sphinx zombie (Crypt:1)
  5 anaconda skeletons
  78 deep elf magi
  8 cyclopes
  6 stone giant zombies
  5 shining eyes
  12 orb spiders
  5 wolf spider zombies
  4 draconians (Abyss:5)
  4 iron dragon zombies
  10 orc sorcerers
  28 wolf spiders
  9 fauns
  2 shadow dragon skeletons
  5 fire giant zombies
  2 frost giant zombies
  50 ugly things
  17 manticores
  10 merfolk sirens
  An iron dragon skeleton (Depths:1)
  2 fire giant skeletons (Coc:5)
  A spectral centaur (D:15)
  8 worldbinders
  8 water nymphs
  A stone giant skeleton (Coc:3)
  5 dire elephant zombies
  5 elephants (Lair:5)
  9 centaur zombies
  3 titan simulacra (Coc:7)
  3 shock serpent zombies
  5 frost giant skeletons
  7 centaur skeletons
  39 rust devils
  5 apocalypse crabs
  10 smoke demons
  3 black mambas
  12 vault sentinels
  Joseph (D:10)
  Maurice (D:12)
  2 gargoyles
  A torpor snail (Lair:6)
  9 spiny frogs
  2 eyes of devastation (Slime:3)
  A molten gargoyle (Hell)
  2 emperor scorpion zombies
  5 orange demons
  6 kobold demonologists
  A shock serpent skeleton (Crypt:3)
  3 storm dragon simulacra (Coc:7)
  4 efreet
  A yaktaur zombie (Depths:1)
  2 yaktaurs (shapeshifter)
  8 demonic crawlers
  9 komodo dragons
  40 yaktaurs
  2 anaconda simulacra
  6 rime drakes
  46 ice devils
  A komodo dragon (shapeshifter) (Depths:3)
  A green draconian zombie (Dis:1)
  17 hellions
  2 catoblepas zombies
  33 tormentors
  A dire elephant skeleton (Crypt:1)
  43 freezing wraiths
  A golden dragon simulacrum (Depths:1)
  A tengu conjurer (Depths:2)
  A white draconian skeleton (Crypt:1)
  A queen bee (shapeshifter) (D:13)
  A black draconian skeleton (Crypt:3)
  7 ancient zymes
  5 harpy zombies
  A silent spectre (Abyss:4)
  17 hydra zombies
  A queen bee (Lair:3)
  10 red devils
  A polar bear (shapeshifter) (Depths:3)
  26 jumping spiders
  2 fire dragon zombies (Hell)
  5 trolls
  A jumping spider (shapeshifter) (D:15)
  27 merfolk
  A hornet (shapeshifter) (Depths:2)
  8 polar bears
  10 wind drakes
  An iron dragon simulacrum (Coc:2)
  6 hydra skeletons
  Prince Ribbit (Lair:2)
  9 alligator zombies
  29 raiju
  13 hornets
  A slime creature (shapeshifter) (Depths:2)
  A harpy skeleton (Crypt:3)
  99 slime creatures
  2 bog bodies (Crypt:3)
  A dream sheep (shapeshifter) (Abyss:2)
  16 blink frogs
  8 dream sheep
  6 ice dragon zombies
  17 hippogriffs
  17 shadows
  7 ettin zombies
  12 snapping turtles
  6 ettin skeletons
  82 flying skulls
  23 tarantellas
  A redback (shapeshifter) (Depths:1)
  60 starcursed masses
  2 spriggans (shapeshifter)
  2 spriggans (Depths:4)
  35 water elementals
  3 air elementals
  5 wyverns
  2 fire dragon skeletons
  2 tarantellas (shapeshifter)
  5 alligator skeletons
  27 yaks
  7 vampires
  3 black mamba zombies
  7 ynoxinuls
  71 redbacks
  19 golden eyes
  14 fire elementals
  30 wraiths
  A human (shapeshifter) (Vaults:5)
  20 humans
  A fire bat (shapeshifter) (Vaults:1)
  A black mamba skeleton (Crypt:1)
  A human simulacrum (Vaults:1)
  10 ice dragon skeletons
  7 hogs
  A basilisk (shapeshifter) (Vaults:5)
  2 chaos spawn
  6 hungry ghosts
  4 neqoxecs
  5 fire bats
  3 steam dragons (Shoals:2)
  2 harpy simulacra
  2 basilisks
  A two-headed ogre zombie (Crypt:1)
  An infernal demonspawn zombie (Hell)
  2 spatial vortices
  9 vampire mosquitoes
  3 wargs
  A gelid demonspawn zombie (Crypt:1)
  A merfolk zombie (Dis:7)
  A soldier ant (shapeshifter) (D:14)
  Edmund (D:6)
  3 acid dragons
  A hydra simulacrum (Coc:7)
  9 water moccasins
  A water nymph zombie (Crypt:2)
  52 hell hounds
  3 insubstantial wisps (Abyss:3)
  5 spiny frog zombies
  7 porcupines
  A water moccasin (shapeshifter) (Elf:2)
  A floating eye (shapeshifter) (Vaults:5)
  15 orc warriors
  3 spiny frog skeletons
  A black bear (Lair:2)
  5 phantoms
  A hornet zombie (D:8)
  A floating eye (Depths:2)
  3 human zombies
  2 snapping turtle zombies
  An eye of draining (shapeshifter) (Depths:1)
  5 eyes of draining
  14 ice beasts
  3 manticore zombies
  An ice dragon simulacrum (Hell)
  A swamp dragon zombie (Dis:4)
  4 necrophages
  4 sky beasts
  43 ogres
  8 boggarts
  A dream sheep zombie (Crypt:1)
  18 wolves
  A manticore skeleton (Coc:2)
  2 swamp dragon skeletons
  26 centaurs
  2 snapping turtle skeletons
  17 crocodiles
  10 big kobolds
  28 bullfrogs
  3 wyvern zombies
  2 earth elementals
  3 spiny frog simulacra
  A water moccasin zombie (Crypt:2)
  4 scorpions
  A troll zombie (Hell)
  A water moccasin skeleton (Crypt:3)
  A spriggan zombie (Dis:7)
  74 wights
  2 vampire bats (D:9)
  35 killer bees
  4 electric eels
  A howler monkey (D:12)
  12 crimson imps
  6 hounds
  2 lava snakes (D:10)
  7 quasits
  53 iron imps
  7 jellies
  A bullfrog skeleton (D:4)
  A bullfrog zombie (D:12)
  24 orc wizards
  10 orc priests
  A gnoll shaman (D:10)
  3 iguanas
  A human skeleton (Dis:7)
  A hell rat (Lair:6)
  A worker ant (shapeshifter) (Vaults:5)
  26 worker ants
  A tengu zombie (Dis:7)
  A crocodile zombie (Crypt:2)
  3 ogre zombies
  A hound zombie (D:5)
  3 tengu skeletons
  2 naga skeletons
  A hound skeleton (D:5)
  6 mummies
  13 gnolls
  8 adders
  A howler monkey skeleton (D:8)
  A steam dragon zombie (Crypt:3)
  A scorpion zombie (Crypt:3)
  4 shadow imps
  13 white imps
  3 ufetubi
  2 oozes
  A lava snake zombie (Crypt:2)
  2 adder skeletons
  A worm (D:2)
  2 dart slugs (D:1)
  A leopard gecko (D:1)
  76 orcs
  3 bat skeletons (D:9)
  2 bat zombies (D:9)
  8 giant cockroaches
  9 goblins
  12 hobgoblins
  3 jackals (D:4)
  64 kobolds
  7 quokkas
  A ball python (D:5)
  8 bats
  A bat simulacrum (Abyss:4)
  4 frilled lizards
  A leopard gecko zombie (D:6)
  An orc skeleton (Crypt:3)
  A quokka skeleton (D:7)
  8 rats
  A river rat skeleton (Crypt:2)
  10 crawling corpses
  A fire vortex (D:10)
  3 fungi
  2 lurking horrors (Abyss:3)
  12 plants
  18 starspawn tentacles
  10 tentacles
3732 creatures vanquished.

Vanquished Creatures (collateral kills)
  2 deep elf death magi (Elf:3)
  An ice dragon (Coc:3)
  An ogre mage (Vaults:5)
  A soul eater (Hell)
  Urug (Lair:6)
  A skeletal warrior (Coc:5)
  A hell knight (Hell)
  A necromancer (Hell)
  3 yaktaurs (Vaults:5)
  An ice devil (Coc:3)
  A fire dragon zombie (Coc:3)
  A necrophage (Coc:3)
  A wight (Coc:3)
  2 orc priests (D:10)
  An orc wizard (D:10)
  2 orcs (D:10)
21 creatures vanquished.

Vanquished Creatures (others)
  A tentacled starspawn (Abyss:4)
  A stone giant (Depths:2)
  A spark wasp (Spider:4)
  A two-headed ogre (Vaults:5)
  A thrashing horror (Abyss:4)
  A deep elf knight (Elf:3)
  A shadow wraith (Crypt:2)
  A skeletal warrior (Crypt:3)
  A deep elf mage (Elf:3)
  A slime creature (Slime:3)
  3 humans (D:15)
  A wight (Dis:6)
  3 starcursed masses (Abyss:4)
  A jelly (D:15)
  An iron imp (Dis:6)
  2 orc wizards (Orc:2)
  A gnoll (D:10)
  A kobold (D:15)
  A bush (Lair:6)
  2 fire vortices (D:10)
  3 fungi
  A lurking horror (Abyss:2)
  32 plants
  32 starspawn tentacles
  21 tentacles
115 creatures vanquished.

Grand Total: 3868 creatures vanquished

Notes
Turn   | Place    | Note
-------+----------+-------------------------------------------
     0 | D:1      | DearestLeader the Demonspawn Gladiator began the quest for
                  | the Orb.
     0 | D:1      | Reached XP level 1. HP: 16/16 MP: 1/1
   352 | D:1      | Reached skill level 1 in Armour
   352 | D:1      | Gained mutation: Your flesh is heat resistant. (rF+)
                  | [demonic ancestry]
   352 | D:1      | Reached XP level 2. HP: 22/22 MP: 2/2
   998 | D:2      | Gained mutation: You are partially covered in thin metallic
                  | scales. (AC +2) [demonic ancestry]
   998 | D:2      | Reached XP level 3. HP: 16/27 MP: 3/3
  1567 | D:2      | Found an opulent altar of Gozag.
  1678 | D:2      | Found an ornate altar of the Wu Jian Council.
  2181 | D:3      | Reached XP level 4. HP: 33/33 MP: 4/4
  2532 | D:4      | Found a staircase to the Ecumenical Temple.
  2541 | Temple   | Entered the Ecumenical Temple
  2572 | Temple   | Became a worshipper of Qazlal Stormbringer
  2725 | D:4      | Noticed a necrophage
  2914 | D:4      | Killed a necrophage
  2914 | D:4      | Reached XP level 5. HP: 37/38 MP: 5/5
  2920 | D:4      | Found Muakeqim's Antique Armour Shoppe.
  3345 | D:4      | Reached skill level 5 in Armour
  3432 | D:4      | Noticed an ogre
  3452 | D:4      | Killed an ogre
  3452 | D:4      | Reached XP level 6. HP: 23/46 MP: 6/6
  3668 | D:4      | Reached * piety under Qazlal
  4004 | D:4      | Gained mutation: You have a pair of small horns on your
                  | head. [demonic ancestry]
  4004 | D:4      | Reached XP level 7. HP: 23/52 MP: 7/7
  4359 | D:4      | Reached ** piety under Qazlal
  4885 | D:5      | Entered Level 5 of the Dungeon
  4978 | D:5      | Reached skill level 1 in Maces & Flails
  4978 | D:5      | Reached skill level 1 in Invocations
  4986 | D:5      | Found a radiant altar of Vehumet.
  5435 | D:5      | Gained mutation: You have a pair of horns on your head.
                  | [demonic ancestry]
  5435 | D:5      | Reached XP level 8. HP: 23/60 MP: 9/9
  6249 | D:6      | Noticed Edmund
  6262 | D:6      | Killed Edmund
  6273 | D:6      | Reached skill level 5 in Fighting
  6499 | D:6      | Got a scorched chain mail
  6509 | D:6      | Identified the +7 chain mail of Sophism {rElec rN++ Regen+
                  | Dex-4} (You found it on level 6 of the Dungeon)
  6623 | D:6      | Reached skill level 5 in Maces & Flails
  6623 | D:6      | Reached XP level 9. HP: 68/68 MP: 12/12
  6974 | D:7      | Reached skill level 5 in Invocations
  7001 | D:6      | Reached *** piety under Qazlal
  7001 | D:6      | Reached skill level 1 in Axes
  7104 | D:7      | Reached skill level 2 in Axes
  7218 | D:7      | Reached skill level 3 in Axes
  7357 | D:7      | Found a glowing golden altar of the Shining One.
  7618 | D:8      | Reached **** piety under Qazlal
  7618 | D:8      | Reached skill level 4 in Axes
  8074 | D:8      | Gained mutation: You are mostly covered in thin metallic
                  | scales. (AC +3) [demonic ancestry]
  8074 | D:8      | Reached XP level 10. HP: 74/74 MP: 15/15
  8085 | D:8      | Reached skill level 5 in Axes
  8349 | D:9      | Found a blossoming altar of Fedhas.
  8446 | D:9      | Found a hide-covered altar of Uskayaw.
  8453 | D:9      | Found a shattered altar of Ashenzari.
  8621 | D:9      | Found an ancient bone altar of Kikubaaqudgha.
  8662 | D:10     | Entered Level 10 of the Dungeon
  8751 | D:10     | Reached skill level 6 in Axes
  8779 | D:10     | Noticed Joseph
  8797 | D:10     | Killed Joseph
  9204 | D:10     | Found a staircase to the Orcish Mines.
  9233 | D:10     | Found Demas's Jewellery Boutique.
  9416 | D:10     | Reached skill level 7 in Axes
  9794 | D:11     | Noticed a two-headed ogre
  9799 | D:11     | Killed a two-headed ogre
  9799 | D:11     | Reached XP level 11. HP: 74/79 MP: 17/17
  9872 | D:11     | Reached ***** piety under Qazlal
  9984 | D:11     | Reached skill level 8 in Axes
 10057 | D:11     | Found a snail-covered altar of Cheibriados.
 10250 | D:11     | Found a bloodstained altar of Trog.
 10451 | D:11     | Found a staircase to the Lair.
 10824 | Lair:1   | Entered Level 1 of the Lair of Beasts
 10824 | Lair:1   | Noticed an eight-headed hydra
 10830 | Lair:1   | Killed an eight-headed hydra
 10847 | Lair:1   | Reached skill level 10 in Armour
 10908 | Lair:1   | Reached skill level 9 in Axes
 11672 | Lair:1   | Noticed a fire dragon
 11690 | Lair:1   | Killed a fire dragon
 12037 | Lair:2   | Reached skill level 10 in Axes
 12083 | Lair:2   | Noticed Prince Ribbit
 12104 | Lair:2   | Reached XP level 12. HP: 59/91 MP: 18/18
 12122 | Lair:2   | Killed Prince Ribbit
 12143 | Lair:2   | Noticed Harold
 12154 | Lair:2   | Killed Harold
 12369 | Lair:2   | Reached skill level 11 in Axes
 12548 | Lair:2   | You fall into a shaft and drop 1 floor!
 12646 | Lair:3   | Found a staircase to the Shoals.
 12780 | Lair:3   | Found a runed translucent gate.
 12782 | Lair:3   | Noticed an 11-headed hydra
 12844 | Lair:2   | Found a hole to the Spider Nest.
 13579 | Lair:3   | Found a runed translucent gate.
 13579 | Lair:3   | Found a runed translucent gate.
 13582 | Lair:3   | Noticed sfoobar's ghost (journeyman MiBe)
 13582 | Lair:3   | Noticed an 11-headed hydra
 14076 | Lair:4   | Reached skill level 12 in Axes
 14128 | Lair:4   | Noticed a catoblepas
 14135 | Lair:4   | Killed a catoblepas
 14146 | Lair:4   | Noticed Nergalle
 14165 | Lair:4   | Killed Nergalle
 14341 | Lair:4   | Reached ****** piety under Qazlal
 14341 | Lair:4   | Reached XP level 13. HP: 96/96 MP: 19/19
 14449 | Lair:4   | You fall into a shaft and drop 2 floors!
 14449 | Lair:6   | Entered Level 6 of the Lair of Beasts
 14466 | Lair:6   | Noticed Urug
 14546 | Lair:6   | Found a runed translucent door.
 14546 | Lair:6   | Found a viscous altar of Jiyva.
 14546 | Lair:6   | Found a staircase to the Slime Pits.
 15426 | Lair:5   | Reached skill level 13 in Axes
 16215 | Lair:6   | Killed Urug
 16232 | Lair:6   | Noticed a dire elephant
 16259 | Lair:6   | Killed a dire elephant
 16441 | Lair:6   | Noticed Nessos
 16454 | Lair:5   | Reached skill level 10 in Invocations
 16489 | Lair:6   | Killed Nessos
 16768 | Lair:6   | Noticed a dire elephant
 16910 | Lair:6   | Killed a dire elephant
 17251 | Lair:6   | Noticed a dire elephant
 17287 | Lair:6   | Killed a dire elephant
 17404 | Lair:6   | Reached skill level 14 in Axes
 17596 | Lair:6   | Got a brightly glowing ivory ring
 17777 | Lair:6   | Gained mutation: You regenerate a little health from kills.
                  | [demonic ancestry]
 17777 | Lair:6   | Reached XP level 14. HP: 104/104 MP: 21/21
 17921 | Lair:6   | Identified the ring "Dopeis" {rN+ Dex+6} (You found it on
                  | level 6 of the Lair of Beasts)
 18160 | Orc:1    | Entered Level 1 of the Orcish Mines
 18302 | Orc:1    | Noticed a stone giant
 18310 | Orc:1    | Killed a stone giant
 18698 | Orc:2    | Entered Level 2 of the Orcish Mines
 18698 | Orc:2    | Found Fyfestri's Antique Weapon Boutique.
 18709 | Orc:2    | Bought a steaming morningstar for 324 gold pieces
 18709 | Orc:2    | Identified the +10 morningstar "Ywkion Oliba" {vorpal, MR+
                  | Stlth+} (You bought it in a shop on level 2 of the Orcish
                  | Mines)
 19007 | Orc:1    | Found a roughly hewn altar of Beogh.
 19016 | Orc:1    | Reached skill level 5 in Dodging
 19283 | Orc:2    | Found Tahim's Antique Armour Boutique.
 19385 | Orc:2    | Found Vazxuthu's Book Shop.
 19410 | Orc:2    | Noticed Erolcha
 19420 | Orc:2    | Killed Erolcha
 19421 | Orc:2    | Found a radiant altar of Vehumet.
 19490 | Orc:2    | Found a roughly hewn altar of Beogh.
 19490 | Orc:2    | Found Moin's Magic Scroll Shop.
 19517 | Orc:2    | Found Nalaagro's Distillery.
 19537 | Orc:2    | Bought a scroll of acquirement for 832 gold pieces
 19538 | Orc:2    | Acquired the amulet "Ehatinu" {Spirit +Blink rC+ Dex+3}
 19711 | Orc:2    | Bought a potion of curing for 42 gold pieces
 19711 | Orc:2    | Bought 2 potions of curing for 84 gold pieces
 19711 | Orc:2    | Bought a potion of curing for 42 gold pieces
 19711 | Orc:2    | Bought a potion of heal wounds for 70 gold pieces
 19761 | Orc:2    | Found an ancient bone altar of Kikubaaqudgha.
 19808 | Orc:2    | Found a burning altar of Makhleb.
 19816 | Orc:2    | Found a staircase to the Elven Halls.
 20771 | D:12     | Noticed Maurice
 20775 | D:12     | Killed Maurice
 21088 | D:12     | Reached skill level 15 in Axes
 21972 | D:13     | Found a gate leading to a gauntlet.
 22042 | D:13     | Gained mutation: You regenerate health from kills. [demonic
                  | ancestry]
 22042 | D:13     | Reached XP level 15. HP: 113/113 MP: 23/23
 22050 | D:13     | Identified the ring of Fallacy {EV+4 Str+2}
 22479 | D:13     | Found a gate to the Vaults.
 22641 | D:14     | Identified the +10 battleaxe of the Bespelling Fool
                  | {vorpal, *Noise rC++}
 22926 | D:14     | Noticed Azrael
 22961 | D:14     | Killed Azrael
 23454 | D:15     | Entered Level 15 of the Dungeon
 23472 | D:15     | Reached skill level 10 in Fighting
 23474 | D:15     | Noticed Kirke
 23482 | D:15     | Noticed a sphinx
 23486 | D:15     | Killed Kirke
 23505 | D:15     | Reached skill level 16 in Axes
 23747 | D:15     | Found a staircase to the Depths.
 23834 | D:15     | Noticed Agnes
 23851 | D:15     | Killed Agnes
 23854 | D:15     | Acquired the ring of Oenomania {MR+ Dex+6 Slay+3}
 24056 | D:15     | Noticed Josephine
 24066 | D:15     | Killed Josephine
 24069 | D:15     | Reached XP level 16. HP: 123/123 MP: 24/24
 24625 | Spider:1 | Entered Level 1 of the Spider Nest
 24898 | Spider:1 | You fall into a shaft and drop 1 floor!
 26294 | Spider:3 | Reached skill level 17 in Axes
 26828 | Spider:4 | Entered Level 4 of the Spider Nest
 27597 | Spider:4 | Noticed a tentacled monstrosity
 27607 | Spider:4 | Noticed Nowod's ghost (adept MiFi)
 27631 | Spider:4 | Found a transporter.
 27667 | Spider:4 | Found a transporter.
 27671 | Spider:4 | Found a one-way gate to the infinite horrors of the Abyss.
 27753 | Spider:4 | Gained mutation: Your magical and physical power is
                  | slightly enhanced at high health. [demonic ancestry]
 27753 | Spider:4 | Reached XP level 17. HP: 84/129 MP: 0/25
 28336 | Spider:4 | Got a gossamer rune of Zot
 28579 | Shoals:1 | Entered Level 1 of the Shoals
 28593 | Shoals:1 | Reached skill level 10 in Dodging
 28614 | Shoals:1 | Reached skill level 15 in Armour
 28740 | Shoals:1 | Reached skill level 18 in Axes
 29104 | Shoals:1 | Found a radiant altar of Vehumet.
 29107 | Shoals:1 | Noticed a kraken
 29131 | Shoals:1 | Killed a kraken
 29573 | Shoals:2 | Noticed Ilsuiw
 29625 | Shoals:2 | Killed Ilsuiw
 29658 | Shoals:2 | Noticed Nikola
 29857 | Shoals:2 | Killed Nikola
 30352 | Shoals:2 | Noticed a kraken
 30363 | Shoals:2 | Killed a kraken
 30577 | Shoals:3 | Found Ykissat's Antique Weapon Shoppe.
 30957 | Shoals:4 | Entered Level 4 of the Shoals
 31025 | Shoals:4 | Gained mutation: You have a pair of large horns on your
                  | head. [demonic ancestry]
 31025 | Shoals:4 | Reached XP level 18. HP: 134/136 MP: 2/26
 31129 | Shoals:4 | Reached skill level 19 in Axes
 31132 | Shoals:4 | Found a gateway to a bazaar.
 31503 | Shoals:4 | Gained mutation: Your magical capacity is low. (-10% MP) [a
                  | neqoxec]
 31505 | Shoals:4 | Gained mutation: You are weak. (Str -2) [a neqoxec]
 31534 | Bazaar   | Entered a bazaar
 31534 | Bazaar   | Found Rusoem's Book Shop.
 31534 | Bazaar   | Found Ucsacs's Distillery.
 31556 | Bazaar   | Bought a potion of curing for 42 gold pieces
 31556 | Bazaar   | Bought a potion of heal wounds for 70 gold pieces
 31556 | Bazaar   | Bought a potion of curing for 42 gold pieces
 31556 | Bazaar   | Bought 2 potions of curing for 84 gold pieces
 31572 | Bazaar   | Found Cuse's Armour Shoppe.
 31577 | Bazaar   | Bought a +2 pair of gloves of dexterity for 215 gold pieces
 31594 | Bazaar   | Found Vac Core's Gadget Emporium.
 31614 | Bazaar   | Found Ucufriv's Food Shop.
 32027 | Shoals:4 | Got a barnacled rune of Zot
 32594 | Shoals:4 | Got a warped morningstar
 32595 | Shoals:4 | Identified the +2 morningstar of Conscience {vorpal, rElec
                  | rF+ rC-} (You found it on level 4 of the Shoals)
 32823 | Vaults:1 | Entered Level 1 of the Vaults
 33144 | Vaults:1 | Noticed Donald
 33156 | Vaults:1 | Killed Donald
 34060 | Vaults:2 | Found the +10 Black Knight's horse barding {ponderous,
                  | rPois rN+}
 34245 | Vaults:2 | Gained mutation: You are completely covered in thin
                  | metallic scales. (AC +4, rElec) [demonic ancestry]
 34245 | Vaults:2 | Reached XP level 19. HP: 142/142 MP: 18/24
 34257 | Vaults:2 | Reached skill level 20 in Axes
 34635 | Vaults:2 | Found a staircase to the Crypt.
 34635 | Vaults:2 | Found an ancient bone altar of Kikubaaqudgha.
 34636 | Vaults:2 | Found a basalt altar of Yredelemnul.
 35015 | Vaults:2 | Found a runed translucent gate.
 35016 | Vaults:2 | Found a runed translucent gate.
 35020 | Vaults:2 | Found the +3 pair of gauntlets of War {Slay+5}
 35020 | Vaults:2 | Found a runed translucent gate.
 35020 | Vaults:2 | Noticed Marixus's ghost (adept HOFi)
 37098 | Vaults:4 | Reached XP level 20. HP: 156/156 MP: 25/25
 37500 | Vaults:4 | Found a runed translucent gate.
 37501 | Vaults:4 | Found a runed translucent gate.
 37501 | Vaults:4 | Noticed a golden dragon
 37502 | Vaults:4 | Found a runed translucent gate.
 37503 | Vaults:4 | Noticed nano's ghost (adept SpVM)
 38263 | Elf:1    | Entered Level 1 of the Elven Halls
 38528 | Elf:1    | Found Gobrerhe's Weapon Shoppe.
 38702 | Orc:2    | Bought a scroll of identify for 32 gold pieces
 38702 | Orc:2    | Bought a scroll of identify for 32 gold pieces
 38702 | Orc:2    | Bought a scroll of identify for 32 gold pieces
 38970 | Elf:1    | Identified Sif Muna's Almanac of Creative Damage Dealing
 39604 | Elf:2    | Found a runed translucent gate.
 39604 | Elf:2    | Found a runed translucent gate.
 39606 | Elf:2    | Found a runed translucent gate.
 40193 | Crypt:1  | Entered Level 1 of the Crypt
 40737 | Crypt:1  | Reached skill level 15 in Fighting
 41418 | Crypt:2  | Reached XP level 21. HP: 166/169 MP: 16/26
 42049 | Vaults:5 | Entered Level 5 of the Vaults
 42177 | Vaults:5 | Noticed an ancient lich
 42267 | Vaults:5 | Identified the +4 scale mail "Bikk" {rPois Str-2 Dex+9
                  | Stlth+}
 42279 | Vaults:5 | Noticed an ancient lich
 42280 | Vaults:5 | Killed an ancient lich
 42302 | Vaults:5 | Killed an ancient lich
 42313 | Vaults:5 | Paralysed by a floating eye for 3 turns
 42327 | Vaults:5 | Identified the cursed +0 rapier "Banisher" {protect, Str+4
                  | Int+2}
 42340 | Vaults:5 | Reached skill level 15 in Dodging
 42363 | Vaults:5 | Gained mutation: You regenerate a lot of health from kills.
                  | [demonic ancestry]
 42363 | Vaults:5 | Reached XP level 22. HP: 145/181 MP: 5/28
 42697 | Vaults:5 | Identified the ring "Nureng" {rPois rF+ rN+ Dex+3}
 42718 | Vaults:5 | Noticed an ancient lich
 42725 | Vaults:5 | Identified the amulet of Viamak {RegenMP Int+3}
 42733 | Vaults:5 | Identified the cursed +1 hand crossbow of the Gloaming
                  | {speed, rC+}
 42737 | Vaults:5 | Killed an ancient lich
 42744 | Vaults:5 | Reached skill level 15 in Invocations
 43191 | Vaults:5 | Reached XP level 23. HP: 174/192 MP: 27/30
 43401 | Vaults:5 | Found the +7 sceptre of Torment {pain, torment}
 43469 | Vaults:5 | Got a silver rune of Zot
 44253 | Lair:6   | Found a burning altar of Makhleb.
 44259 | Lair:6   | Found a gateway to Hell.
 45232 | Lair:3   | Killed sfoobar's ghost
 45238 | Lair:3   | Got a bloodstained broad axe
 45239 | Lair:3   | Identified the +1 broad axe of Duty {freeze, *Slow rElec
                  | MP+9} (You found it on level 3 of the Lair of Beasts)
 45462 | Elf:3    | Entered Level 3 of the Elven Halls
 45521 | Elf:3    | Noticed Bai Suzhen
 45533 | Elf:3    | Killed Bai Suzhen
 45783 | Elf:3    | Identified the +10 dagger of Victory {elec, Dex+3}
 45784 | Elf:3    | Identified the cursed +0 rapier of Devotion {vorpal, rF++
                  | Str+2 SInv}
 45820 | Elf:3    | Identified the +8 halberd of Infinity {chaos, Str+4}
 45976 | Elf:3    | Identified Sif Muna's Catalogue of Helpful Execration
 46022 | Elf:3    | Found the +2 Maxwell's thermic engine {flame, freeze}
 46026 | Elf:3    | Identified the Volume of the Puffin
 46081 | Elf:3    | Identified the Grimoire of the Entourage and Boosts
 46315 | Elf:3    | Found Zagraom's Armour Shop.
 46720 | Depths:1 | Entered Level 1 of the Depths
 46931 | Depths:1 | Found a sparkling altar of Nemelex Xobeh.
 47074 | Depths:1 | Gained mutation: Your magical and physical power is
                  | enhanced at high health. [demonic ancestry]
 47074 | Depths:1 | Reached XP level 24. HP: 203/203 MP: 8/31
 47231 | Depths:1 | Found a one-way gate leading to the halls of Pandemonium.
 47285 | Depths:1 | Found Fiziebb's Book Shoppe.
 47925 | Depths:2 | Paralysed by a sphinx for 7 turns
 47974 | Depths:2 | Noticed Louise
 47984 | Depths:2 | Killed Louise
 48076 | Depths:2 | Paralysed by a great orb of eyes for 6 turns
 48166 | Depths:2 | Reached skill level 1 in Evocations
 49297 | Depths:3 | Noticed a juggernaut
 49309 | Depths:3 | Killed a juggernaut
 49440 | Depths:3 | Identified the Papyrus of the Birds and the Snowflakes
 50280 | Depths:4 | Reached skill level 5 in Evocations
 50364 | Depths:4 | Found a corrupted altar of Lugonu.
 50397 | Depths:4 | Gained mutation: You are immune to clouds of flame.
                  | [demonic ancestry]
 50397 | Depths:4 | Reached XP level 25. HP: 213/214 MP: 31/32
 50670 | Depths:4 | Found a portal to a secret trove of treasure.
 51050 | Depths:4 | Found a glowing golden altar of the Shining One.
 51286 | Depths:5 | Entered Level 5 of the Depths
 51387 | Depths:5 | Found a gateway to a ziggurat.
 51532 | Depths:5 | Found a gate to the Realm of Zot.
 51581 | Depths:5 | Noticed Xtahua
 51592 | Depths:5 | Killed Xtahua
 52663 | Crypt:3  | Entered Level 3 of the Crypt
 52728 | Crypt:3  | Noticed Margery
 52768 | Crypt:3  | Killed Margery
 53268 | Crypt:3  | Found the +5 scythe "Finisher" {speed, eviscerate}
 53343 | Crypt:3  | Noticed an ancient lich
 53365 | Crypt:3  | Killed an ancient lich
 53384 | Crypt:3  | Got a pair of translucent boots
 53394 | Crypt:3  | Identified the +1 pair of boots of Wu Jian's Delight
                  | {+Blink Int-5 SInv} (You found it on level 3 of the Crypt)
 53492 | Crypt:3  | Found a staircase to the Tomb.
 53959 | Slime:1  | Entered Level 1 of the Pits of Slime
 54243 | Slime:1  | You fall into a shaft and drop 1 floor!
 55004 | Slime:3  | Found a viscous altar of Jiyva.
 55195 | Slime:4  | Gained mutation: Your demonic aura causes spilled blood to
                  | erupt in flames. [demonic ancestry]
 55195 | Slime:4  | Reached XP level 26. HP: 224/224 MP: 10/32
 55630 | Slime:5  | Entered Level 5 of the Pits of Slime
 55649 | Slime:5  | Reached skill level 21 in Axes
 55657 | Slime:5  | Noticed the Royal Jelly
 55806 | Slime:5  | Gained mutation: Potions are less effective at restoring
                  | your health. [a shining eye]
 55896 | Slime:5  | Killed the Royal Jelly
 56275 | Slime:5  | Found the +1 cloak of Starlight {rElec rC+ EV+4 Stlth--}
 56288 | Slime:5  | Got a warped lead ring
 56309 | Slime:5  | Got a slimy rune of Zot
 56311 | Slime:5  | Got a slimy battleaxe
 56311 | Slime:5  | Identified the cursed +0 battleaxe "Omim" {flame, *Rage
                  | rPois rN+++ Stlth+} (You found it on level 5 of the Pits of
                  | Slime)
 57086 | Depths:2 | Voluntarily entered the Abyss.
 57217 | Abyss:1  | Gained mutation: You are very weak. (Str -4) [a neqoxec]
 57307 | Abyss:1  | Identified the ring "Joedida" {*Tele Str+7} (You found it
                  | on level 5 of the Pits of Slime)
 58153 | Abyss:3  | Paralysed by accursed screaming for 1 turns
 58208 | Abyss:3  | Reached skill level 10 in Evocations
 58580 | Abyss:4  | Paralysed by accursed screaming for 1 turns
 58601 | Abyss:4  | Paralysed by accursed screaming for 1 turns
 58657 | Abyss:4  | Gained mutation: Your magical and physical power is greatly
                  | enhanced at high health. [demonic ancestry]
 58657 | Abyss:4  | Reached XP level 27. HP: 206/206 MP: 18/32
 58662 | Abyss:4  | Reached skill level 22 in Axes
 58719 | Abyss:5  | Entered Level 5 of the Abyss
 58723 | Abyss:5  | Gained mutation: Scrolls take you a little longer to read.
                  | [a cacodemon]
 58723 | Abyss:5  | Noticed an ancient lich
 58728 | Abyss:5  | Killed an ancient lich
 58766 | Abyss:5  | Found a transporter.
 58804 | Abyss:5  | Found a transporter.
 58810 | Abyss:5  | Got an abyssal rune of Zot
 58819 | Depths:2 | Escaped the Abyss
 58843 | Hell     | Entered the Vestibule of Hell
 58843 | Hell     | Noticed Geryon
 58866 | Hell     | Killed Geryon
 58904 | Hell     | Cast into level 2 of the Abyss (reaper)
 58915 | Hell     | Escaped the Abyss
 59111 | Hell     | Found a gateway to the Iron City of Dis.
 59131 | Hell     | Found a gateway to the ashen valley of Gehenna.
 59236 | Hell     | Found a gateway to the decaying netherworld of Tartarus.
 59281 | Hell     | Found a gateway to the freezing wastes of Cocytus.
 59474 | Dis:1    | Entered Level 1 of the Iron City of Dis
 61022 | Dis:3    | Reached skill level 23 in Axes
 63339 | Dis:7    | Entered Level 7 of the Iron City of Dis
 63575 | Dis:7    | Reached skill level 24 in Axes
 64024 | Dis:7    | Identified the cursed +1 flail of Venwothru {flame, rPois}
 64317 | Dis:7    | Identified the +1 chain mail of Ninwum {rC+ MR+ rCorr
                  | Int-5}
 64380 | Dis:7    | Noticed the Serpent of Hell
 64392 | Dis:7    | Identified the +4 staff of Dispater
 64392 | Dis:7    | Noticed Dispater
 64607 | Coc:1    | Entered Level 1 of Cocytus
 65145 | Coc:5    | Reached skill level 25 in Axes
 65378 | Coc:7    | Entered Level 7 of Cocytus
 65901 | Coc:7    | Noticed Antaeus
 65946 | Coc:7    | Killed from afar by Antaeus

Illustrated notes

Levels and vault maps discovered:
D:1:      dpeg_arrival_windows_large_door, layout_loops_ring
D:2:      layout_basic, nicolae_overflow_crystal_walls, first_ration,
          nicolae_gozag_cash_rules_everything_around_me
D:3:      layout_basic
D:4:      minmay_goblin_kobold_castle, layout_cave_pods,
          minmay_temple_entry_antechambers, serial_shops, nicolae_shop_crystal
D:5:      layout_basic, fiery_altar_vehumet
D:6:      layout_rooms, uniq_edmund
D:7:      layout_cave_pools, lemuel_doored_altar
D:8:      layout_loops_ring, grunt_livestock
D:9:      layout_gridville, kennysheep_vampire_church,
          amethyst_overflow_temple_binary, fedhas_altar_1
D:10:     layout_roguey, hiddenorc2_lemuel, serial_shops, shop,
          hangedman_incinerator, uniq_joseph
D:11:     layout_basic, david_lair_shrubbed, hangedman_feature_mirror
D:12:     minmay_bubble_buster, layout_layer_cave, uniq_maurice
D:13:     layout_loops_cross, grunt_vaults_entry_tiered, gauntlet_entry_generic
D:14:     layout_roguey, minmay_diamond_spiral, uniq_azrael
D:15:     hangedman_depths_entry_try_elsewhere_first, layout_irregular_city,
          hangedman_weighted_door, grunt_decor_resistance, uniq_kirke,
          uniq_agnes, uniq_josephine
Temple:   nicolae_temple_elliptical
Lair:1:   dragon1_lemuel, layout_hall_layers, small_statue_intersection,
          grunt_megastairs_1
Lair:2:   layout_regular_city, nicolae_spider_entry_orb_guardian,
          grunt_megastairs_5, uniq_harold, uniq_prince_ribbit2
Lair:3:   layout_gridlike, minmay_shoals_entry_lonely_mermaid, special_room
          [special_room_bee], gammafunk_ghost_hydra_chop, serial_bayou_pond_e,
          serial_bayou_shore_b
Lair:4:   layout_gridlike, serial_forest, infiniplex_forest_straight_4,
          infiniplex_forest_lined_3, infiniplex_forest_lined_room_,
          infiniplex_forest_straight_4, infiniplex_forest_lined_room_2,
          serial_bayou_shore_a, uniq_nergalle
Lair:5:   layout_regular_city, grunt_forest_small_clearings,
          beast_lair_carwin_10
Lair:6:   evil_forest, layout_hall_layers, slime_altar_2,
          minmay_shattered_shrine, uniq_nessos, uniq_urug
Shoals:1: layout_shoals, wheals_shoals_ruined_temple
Shoals:2: layout_shoals, abandoned_shop, nicolae_shoals_drake_roost,
          uniq_nikola, uniq_ilsuiw
Shoals:3: layout_shoals, serial_shops, shop
Shoals:4: shoals_end_simple, layout_shoals, serial_shops, statue_bzr,
          yaktaur_hedge
Spider:1: layout_spider_delve, drop_trap
Spider:2: layout_spider_delve
Spider:3: layout_spider_delve, nicolae_spider_nook
Spider:4: spider_rune_water, gammafunk_ghost_abyssal_escape
Slime:1:  layout_caves
Slime:2:  layout_caves
Slime:3:  layout_caves, basic_altar
Slime:4:  layout_caves
Slime:5
Orc:1:    nicolae_orc_accident_2, layout_diamond_mine
Orc:2:    kennysheep_orc_mage_school, layout_caves, serial_shops, shop,
          bloody_makhleb
Elf:1:    layout_gridlike, serial_shops, shop, minmay_elf_sorcery
Elf:2:    layout_loops_cross, grunt_ministairs_7, statue_in_the_mist_lemuel
Elf:3:    elf_hall, layout_loops_ring, serial_shops, shop_statue,
          guppyfry_library_mini, uniq_bai_suzhen
Vaults:1: v_rooms_3, v_misc_24, v_misc_25, ontoclasm_vaults_ring_square,
          vaults_room_corners, vaults_room_stairs_pillars,
          vaults_room_glass_cross, layout_vaults_omnigrid, uniq_donald
Vaults:2: gammafunk_vaults_ghost_split, vaults_room_boxed,
          minmay_crypt_entry_necro_gods, nicolae_vaults_asterisk,
          nicolae_vaults_circle_grid_b, nicolae_vaults_windows_and_doors_thing,
          vaults_dpeg_hooks, v_misc_25, v_misc_33, v_misc_2,
          ontoclasm_vaults_loading_screen, hangedman_vaults_nails,
          vaults_room_pool, layout_vaults_omnicross
Vaults:3: v_rooms_1, vaults_mumra_chevron_long, nicolae_vaults_little_squares_3,
          vaults_room_door_hall, nicolae_vaults_twisting_passages, v_misc_17,
          ontoclasm_vaults_hangar, vaults_room_hallway, vaults_dpeg_ring,
          vaults_dpeg_encased_lava, vaults_room_pool,
          nicolae_vaults_little_squares_2, layout_vaults_omnibox
Vaults:4: gammafunk_vaults_ghost_split, vaults_room_grunt_arrival_ludios,
          vaults_room_fours, vaults_room_large_hall, v_misc_8,
          ontoclasm_vaults_ligature, st_eye, v_alt_pattern_4,
          layout_vaults_chaotic_city
Vaults:5: serial_shops
Crypt:1:  layout_gridlike, st_vampire_maze, grunt_crypt_arrival_split
Crypt:2:  layout_misc_corridors, grunt_megastairs_2
Crypt:3:  david_glass_crypt, layout_chaotic_city, tomb_entry_forgotten_bobbens,
          uniq_margery
Depths:1: layout_gridville, marbit_kobold_abyss_entry, rand_demon_pan_entry_7,
          serial_shops, nicolae_shop_statue_plus, lightli_too_deep,
          nemelex_xobeh_ov_fountains_minmay, grunt_megastairs_3,
          kennysheep_random_hallway, infiniplex_staircase_pool_lava
Depths:2: minmay_mutant_horseshoe, layout_cave_shapes,
          nicolae_abyss_entry_one_way_or_another, pan_entry, hellmouth_1,
          serial_bayou_shore_b
Depths:3: minmay_tile_spiral, layout_long_grid, hangedman_decor_opposing,
          serial_co_window_serial, co_window_paths_b, co_window_corner_a,
          co_window_paths_b, co_window_paths_b, co_window_of_opportunity_a,
          co_window_corner_a, co_window_unsneaky_path_b, co_window_broadway_b,
          co_window_of_opportunity_c, co_window_paths_c, co_window_broadway_a,
          co_window_paths_d, glass_columns_c, glass_columns_c, hell_entry,
          rand_demon_pan_entry_1, serial_bayou_pond_d
Depths:4: minmay_haunted_quarter, layout_honeycomb, rand_demon_pan_entry_8,
          nicolae_trove_entry_columns, abyss_entry_flame_altar,
          serial_sigils_hangedman_gut, hell_entry, tso_metal_star,
          infiniplex_staircase_spiral_double, firewood_loft
Depths:5: grunt_crosshair, layout_honeycomb, enter_ziggurat_f, hell_entry,
          skrybe_limestone_x, drop_trap, chequers_serial_rivers_micro_b,
          uniq_xtahua
Hell
Dis:1:    layout_subdivisions
Dis:2:    layout_gridville
Dis:3:    layout_regular_city, nicolae_dis_iron_filings,
          nicolae_dis_strange_trophy_room
Dis:4:    layout_subdivisions
Dis:5:    layout_gridville
Dis:6:    layout_subdivisions, evilmike_ambush [evilmike_ambush_outer_corners,
          evilmike_ambush_inner_basic]
Dis:7:    dis_grunt_layers
Coc:1:    layout_cocytus_water_paths
Coc:2:    grunt_deathspiral_small, layout_cocytus_water_paths
Coc:3:    layout_cocytus_water_paths
Coc:4:    layout_cocytus_water_paths
Coc:5:    layout_cocytus_water_paths
Coc:6:    layout_ice_bergs
Coc:7:    coc_old

Skill      XL: |  1  2  3  4  5  6  7  8  9 10 11 12 13 14 15 16 17 18 19 20 21 22 23 24 25 26 27 |
---------------+----------------------------------------------------------------------------------+-----
Dodging        | 3 4 6 7 9 11 12 13 14 15 16 17 18 21 | 21.0
Armour         | 1 2 3 4 5 6 7 8 9 10 11 12 13 14 15 16 17 18 19 20 21 23 | 23.1
Fighting       | 3 4 5 7 9 10 13 15 17 18 19 21 22 24 | 24.5
Maces & Flails | 2 5 |  5.4
Invocations    | 2 4 6 9 10 11 13 15 16 18 | 18.0
Axes           | 4 7 10 12 14 15 16 17 18 19 20 21 25 | 25.7
Evocations     | 5 8 10 | 10.2
Polearms       | |  2.6
Throwing       | |  1.7

Action                   |  1- 3 |  4- 6 |  7- 9 | 10-12 | 13-15 | 16-18 | 19-21 | 22-24 | 25-27 || total
-------------------------+-------+-------+-------+-------+-------+-------+-------+-------+-------++-------
Melee: Trident           |   190 |   291 |    29 |       |       |       |       |       |       ||   510
       Flail             |       |       |   207 |     1 |    10 |       |       |       |       ||   218
       Headbutt          |       |       |    61 |    97 |   262 |   352 |   335 |   400 |  1154 ||  2661
       Battleaxe         |       |       |   114 |   696 |  1018 |  1023 |   858 |  1056 |  3066 ||  7831
       Morningstar       |       |       |       |       |     8 |       |       |     5 |       ||    13
Invok: Upheaval          |       |       |       |     6 |    18 |    26 |    10 |    13 |    18 ||    91
       Elemental Force   |       |       |       |     1 |     1 |       |     1 |     1 |     7 ||    11
       Disaster Area     |       |       |       |       |     2 |     5 |     9 |     1 |     9 ||    26
 Abil: Evoke Blink       |       |       |       |       |       |     1 |       |       |     1 ||     2
Evoke: Wand              |       |       |       |       |       |       |       |     5 |     1 ||     6
  Use: Scroll            |       |       |     5 |     4 |    18 |    12 |     8 |    18 |     6 ||    71
       Potion            |       |       |     6 |     5 |     1 |     6 |     2 |       |    14 ||    34
 Stab: Distracted        |       |       |       |       |       |     1 |     1 |     1 |     2 ||     5
  Eat: Chunk             |     4 |     5 |    12 |    22 |    25 |    18 |    15 |    20 |    14 ||   135
       Ration            |       |       |     1 |     1 |     2 |     5 |     3 |     2 |    12 ||    26
Armor: Plate armour      |   126 |   271 |   159 |       |       |       |       |       |       ||   556
       Leather armour    |     3 |       |       |       |       |       |       |       |       ||     3
       Chain mail        |       |       |   151 |   551 |   664 |   647 |   327 |   416 |   919 ||  3675
Dodge: Dodged            |    33 |    98 |    95 |   373 |   435 |   765 |   525 |   775 |  2814 ||  5913
       Repelled          |       |       |       |     6 |    29 |    59 |    43 |    67 |    66 ||   270
Block: Other             |       |     5 |    64 |   262 |   346 |   371 |   236 |   296 |   948 ||  2528
